 Dungeon Crawl Stone Soup version 0.26-a0-712-ga5a9c9c9d0 (webtiles) character file.

Game seed: 1920508128745338008

589 Arthanis the Chopper (level 7, -2/66 HPs)
             Began as a Gargoyle Berserker on Nov 8, 2020.
             Was a Priest of Trog.
             Slain by an orc warrior
             ... wielding a +0 halberd
              (6 damage)
             ... on level 6 of the Dungeon.
             The game lasted 00:04:14 (3656 turns).

Arthanis the Chopper (Gargoyle Berserker)           Turns: 3656, Time: 00:04:14

Health: -2/66      AC: 12    Str: 21    XL:     7   Next: 38%
Magic:  7/7        EV:  5    Int:  9    God:    Trog [***...]
Gold:   294        SH:  8    Dex:  9    Spells: 6/6 levels left

rFire    . . .     SeeInvis .   a - +0 hand axe
rCold    . . .     Faith    .   v - +0 kite shield
rNeg     + . .     Spirit   .   d - +0 chain mail
rPois    ∞         Reflect  .   e - +0 helmet
rElec    +         Harm     .   q - +0 cloak (curse)
rCorr    .         Rampage  .   (no gloves)
MR       .....                  (no boots)
Stlth    ..........             (no amulet)
HPRegen  0.21/turn              k - +4 ring of slaying
MPRegen  0.10/turn              (no ring)

@: berserking (expiring), corroded, very quick
A: negative energy resistance 1, electricity resistance, unbreathing,
petrification resistance, rot immunity, AC +4
a: Berserk, Trog's Hand, Renounce Religion


You were on level 6 of the Dungeon.
You worshipped Trog.
Trog was most pleased with you.
You visited 1 branch of the dungeon, and saw 6 of its levels.

You collected 294 gold pieces.

Inventory:

Hand Weapons
 a - a +0 hand axe (weapon)
 u - a +0 mace
Armour
 b - a +0 animal skin
 d - a +0 chain mail (worn)
 e - a +0 helmet (worn)
 q - a cursed +0 cloak (worn)
 v - a +0 kite shield (worn)
Jewellery
 k - a +4 ring of slaying (left hand)
 B - an uncursed ring of protection from cold {unknown}
Wands
 y - a wand of paralysis (9)
Scrolls
 c - a scroll of immolation {unknown}
 f - 6 scrolls of identify {unknown}
 g - 5 scrolls of teleportation {unknown}
 i - a scroll of fog {unknown}
 j - 2 scrolls of fear {unknown}
 l - a scroll of enchant armour {unknown}
 n - 6 scrolls of remove curse {unknown}
 p - a scroll of random uselessness {unknown}
 r - 3 scrolls of amnesia {unknown}
 A - a scroll of enchant weapon {unknown}
Potions
 h - 4 potions of curing
 m - a potion of haste {unknown}
 o - a potion of degeneration {unknown}
 s - 2 potions of might {unknown}
 t - a potion of mutation {unknown}
 w - a potion of stabbing {unknown}
 x - a potion of cancellation {unknown}
 z - a potion of flight {unknown}


   Skills:
 + Level 5.1 Fighting
 * Level 5.4 Axes
 + Level 4.5 Armour
 - Level 2.0 Dodging
 + Level 1.1 Shields
 + Level 0.4 Evocations


You had 6 spell levels left.
You didn't know any spells.
Your spell library contained the following spells:

 Spells                   Type           Power        Failure   Level
 Freeze                   Ice            #...         100%        1
 Confusing Touch          Hex            #.......     100%        3
 Frozen Ramparts          Ice            #.....       100%        3
 Gell's Gravitas          Tloc           #.........   100%        3
 Ozocubu's Armour         Ice            #.......     100%        3
 Hailstorm                Conj/Ice       #.......     100%        4
 Petrify                  Tmut/Erth      #.......     100%        4
 Summon Ice Beast         Ice/Summ       #.......     100%        4
 Metabolic Englaciation   Hex/Ice        #.........   100%        5
 Yara's Violent Unravell  Hex/Tmut       #.........   100%        5


Dungeon Overview and Level Annotations

Branches:
Dungeon (6/15)
 Temple: D:4-7

Altars:
Dithmenos
Gozag
Ru
Xom

Shops:
D:6 :


Innate Abilities, Weirdness & Mutations

You are resistant to torment.
Your stone body is resilient. (AC +4)
You are immune to poison.
You resist negative energy. (rN+)
You are resistant to electric shocks. (rElec)
You can survive without breathing.
You are immune to petrification.
You are immune to rotting.


Message History

You slash the orc warrior!
The orc warrior is moderately wounded.
You slash the white imp!
A leopard gecko zombie comes into view.
The white imp gestures at you. You block the puff of frost.
You slash the orc warrior!
The orc warrior is severely wounded.
You slash the white imp!
You kill the white imp!
Trog accepts your kill.
Your skin stops crawling.
You feel less resistant to hostile enchantments.
The orc warrior hits you with a +0 halberd!
* * * LOW HITPOINT WARNING * * *
The phantom blinks!
Your chain mail prevents you from hitting the orc warrior.
The orc warrior is severely wounded.
The orc warrior hits you with a +0 halberd.
You die... .... #........ ... #....... .. ##...... .#### #. #...... ......#. ..o.. .......< o{B

.......### #o#
##......... ##@##
#.......#.. #.F.#
###........#.
#...###...#.......#
#§......###.....#.#
#..W###..##........
##..# ##........#..
##Z# ##..#.......#
... #..###..###..
....#####...###..


You could see a phantom, an orc warrior, a bullfrog, an orc priest, an orc, a
leopard gecko zombie and a giant cockroach.

Vanquished Creatures
  An ogre (D:4)
  A centaur (D:5)
  A howler monkey (D:4)
  2 jellies
  A quasit (D:6)
  A bullfrog skeleton (D:5)
  A hound (D:4)
  2 orc wizards
  A hound zombie (D:6)
  A worker ant zombie (D:6)
  Robin (D:2)
  3 adders
  A white imp (D:6)
  2 ufetubi (D:5)
  An adder zombie (D:5)
  A worm (D:2)
  2 dart slugs
  A leopard gecko (D:5)
  15 orcs
  5 bats
  2 giant cockroaches
  14 goblins
  11 hobgoblins
  3 jackals (D:1)
  A quokka (D:3)
  3 frilled lizards
  14 kobolds
  A leopard gecko zombie (D:6)
  4 rats
97 creatures vanquished.

Notes
Turn   | Place    | Note
-------+----------+-------------------------------------------
     0 | D:1      | Arthanis the Gargoyle Berserker began the quest for the
                  | Orb.
     0 | D:1      | Reached XP level 1. HP: 14/14 MP: 1/1
   252 | D:1      | Reached XP level 2. HP: 19/19 MP: 2/2
   627 | D:1      | You fall into a shaft and drop 1 floor!
   639 | D:2      | Reached XP level 3. HP: 22/23 MP: 3/3
  1261 | D:2      | Noticed Robin
  1265 | D:2      | Reached ** piety under Trog
  1275 | D:2      | Killed Robin
  1275 | D:2      | Reached XP level 4. HP: 29/29 MP: 4/4
  1429 | D:2      | Found a sacrificial altar of Ru.
  2066 | D:4      | Reached XP level 5. HP: 33/33 MP: 5/5
  2067 | D:4      | Found a shadowy altar of Dithmenos.
  2308 | D:4      | Reached XP level 6. HP: 39/39 MP: 6/6
  2686 | D:5      | Entered Level 5 of the Dungeon
  2772 | D:5      | Reached skill level 5 in Axes
  2781 | D:5      | Reached XP level 7. HP: 40/44 MP: 7/7
  2856 | D:5      | Reached *** piety under Trog
  2856 | D:5      | Reached skill level 5 in Fighting
  2958 | D:5      | Found a shimmering altar of Xom.
  3485 | D:6      | Found Wex Laly's Book Shoppe.
  3643 | D:6      | Found an opulent altar of Gozag.
  3650 | D:6      | Reached skill level 1 in Shields
  3655 | D:6      | HP: 3/66 [orc warrior/+0 halberd (16)]
  3656 | D:6      | Slain by an orc warrior

Illustrated notes

Levels and vault maps discovered:
D:1:      minmay_arrival_diagonal_passages, layout_basic,
          hangedman_abyss_or_decor_lesser_grid, patterned_corridor
D:2:      layout_basic, nicolae_ru_the_path_less_chosen, uniq_robin
D:3:      layout_rooms
D:4:      layout_basic, nicolae_overflow_crystal_walls
D:5:      layout_loops_ring, basic_altar
D:6:      layout_rooms, lemuel_round_altar, chequers_temple_overflow_minitemple,
          serial_shops, shop, minivault_25, nicolae_tso_swordbearing_angel

Skill      XL: |  1  2  3  4  5  6  7 |
---------------+----------------------+-----
Axes           | 3 4 5 |  5.4
Dodging        | 2 |  2.0
Armour         | 3 4 |  4.5
Fighting       | 4 5 |  5.1
Shields        | 1 |  1.1
Evocations     | |  0.4

Action                   |  1- 3 |  4- 6 |  7- 9 || total
-------------------------+-------+-------+-------++-------
Melee: Hand axe          |   105 |   113 |    54 ||   272
Invok: Berserk           |     1 |     2 |     1 ||     4
       Trog's Hand       |       |       |     1 ||     1
Armor: Chain mail        |    61 |    77 |    43 ||   181
       Animal skin       |     6 |       |       ||     6
Dodge: Dodged            |    46 |    53 |    15 ||   114
Block: Kite shield       |       |       |    27 ||    27

Table legend: (Time is in decaauts)
 A = Elapsed time spent in this place.
 B = Non-inter-level travel time spent in this place.
 C = Inter-level travel time spent in this place.
 D = Time resting spent in this place.
 E = Time spent auto-exploring this place.
 F = Levels seen in this place.
 G = Mean time per level.
                   A        B        C        D        E       F      G
               +--------+--------+--------+--------+--------+-----+--------+
         Total |   3709 |   3606 |    103 |      0 |   2990 |   6 |  618.2 |
       Dungeon |   3709 |   3606 |    103 |      0 |   2990 |   6 |  618.2 |
               +--------+--------+--------+--------+--------+-----+--------+

Top non-repeatable levels by time:
     D:5: 786 daAuts
     D:1: 786 daAuts
     D:2: 777 daAuts
     D:4: 695 daAuts
     D:3: 474 daAuts
     D:6: 188 daAuts
